[Event "Nordic Youth-ch A 2019"]
[Site "Borgarnes"]
[Date "2019.02.15"]
[Round "2.15"]
[White "Apol, Luitjen Akselsson"]
[Black "Shehzad, Shazil"]
[Result "1-0"]
[ECO "B43"]
[WhiteElo "1854"]
[BlackElo "1959"]
[Annotator "NA RC"]
[PlyCount "123"]
[EventDate "2019.02.03"]
[EventType "swiss"]
[EventCountry "ISL"]
[SourceTitle "playchess.com"]
[Source "ChessBase"]
[SourceQuality "1"]
[TimeControl "40/5400+30:1800+30"]

1. e4 c5 2. Nf3 e6 3. d4 cxd4 4. Nxd4 a6 5. Nc3 b5 6. Be3 Bb7 7. Bd3 {[%emt 0:00:47] B43: Sicilian: Kan Variation: 5 Nc3} (7. Nb3 Qc7 8. Qd4 Nf6 9. f3 d5 10. exd5 Nxd5 11. Nxd5 {½-½ (11) Plat,V (2566)-Stocek,J (2568) Ostrava 2018}) 7... Qc7 8. O-O Nf6 9. Qe2 d6 10. f4 Nbd7 11. Rae1 Nc5 $146 ({Predecessor:} 11... b4 12. Na4 Nxe4 13. f5 e5 14. f6 Nexf6 15. Nf5 g6 16. Nh6 {0-1 (34) Zivkovic,D-Vulicevic,D (2150) Belgrade 2003}) 12. Bf2 b4 13. e5 bxc3 14. exf6 gxf6 15. bxc3 h5 16. Bh4 Be7 17. Bf5 O-O-O 18. Rf2 Rd7 19. Bd3 d5 ({Better is} 19... Bd8 $17) 20. Rb1 (20. Rf3 $11 {remains equal.}) 20... Rd6 (20... Ne4 $15 21. Bxe4 dxe4) 21. Rff1 Rb6 22. Bf2 Rxb1 23. Rxb1 h4 24. Qg4 Nxd3 25. cxd3 Rf8 (25... h3 $14) 26. Bxh4 f5 27. Qg7 Bd6 28. Bf6 Re8 29. g3 Bf8 30. Qh7 Bd6 31. Nf3 d4 32. Nxd4 Bc5 33. Kf1 Qd7 34. Qh3 Qd5 35. Rb2 Qh1+ 36. Ke2 Bg2 37. Qh5 Bf1+ 38. Ke3 Qg1+ 39. Rf2 Ba3 40. Qd1 e5 41. fxe5 f4+ 42. gxf4 Qg6 43. Rxf1 Qxf6 44. Qg4+ Kc7 45. Rb1 Qh6 46. Qg2 Rxe5+ 47. Kd2 Qxf4+ 48. Kc2 Rc5 49. Qb7+ Kd8 50. Nc6+ (50. Qxa6 $142 Qxh2+ 51. Kb3 {[%mdl 64] Trapped Piece}) 50... Rxc6 51. Qxc6 Qxh2+ $18 52. Kb3 Qb8+ 53. Kxa3 Qxb1 54. Qd6+ Ke8 55. Qxa6 Kf8 56. Qc8+ Kg7 57. Qg4+ Kf8 58. Qb4+ Qxb4+ 59. Kxb4 f5 60. Kc5 Ke7 61. Kd4 Ke6 62. a3 1-0

[Event "Nordic Youth-ch A 2019"]
[Site "Borgarnes"]
[Date "2019.02.15"]
[Round "2.16"]
[White "Iskos, Lukas"]
[Black "Gudmundsson, Gunnar Erik"]
[Result "0-1"]
[ECO "B46"]
[WhiteElo "1678"]
[BlackElo "1693"]
[Annotator "NA RC"]
[PlyCount "38"]
[EventDate "2019.02.03"]
[EventType "swiss"]
[EventCountry "ISL"]
[SourceTitle "playchess.com"]
[Source "ChessBase"]
[SourceQuality "1"]
[TimeControl "40/5400+30:1800+30"]

1. e4 c5 2. Nf3 Nc6 3. d4 cxd4 4. Nxd4 e6 5. Nc3 a6 6. Bc4 Qc7 7. Be3 Nf6 8. f3 Bb4 9. Qd2 O-O 10. O-O-O Ne7 11. Bd3 e5 12. Nde2 d5 13. exd5 Nexd5 14. h4 Nxc3 15. Nxc3 Be6 16. Bg5 Nd5 17. Bxh7+ Kh8 18. Be4 Nxc3 19. bxc3 Ba3+ 0-1

[Event "Nordic Youth-ch A 2019"]
[Site "Borgarnes"]
[Date "2019.02.15"]
[Round "2.17"]
[White "Kvaloy, Aksel Bu"]
[Black "Jaakkola, Niklas"]
[Result "1-0"]
[ECO "B30"]
[WhiteElo "2066"]
[BlackElo "1635"]
[Annotator "NA RC"]
[PlyCount "73"]
[EventDate "2019.02.03"]
[EventType "swiss"]
[EventCountry "ISL"]
[SourceTitle "playchess.com"]
[Source "ChessBase"]
[SourceQuality "1"]
[TimeControl "40/5400+30:1800+30"]

1. e4 c5 2. Nf3 Nc6 3. Bb5 d6 4. O-O Bd7 5. Re1 Nf6 6. c3 e6 7. d4 cxd4 8. cxd4 a6 {[%emt 0:06:10] B51: Sicilian: Moscow Variation (3 Bb5+) without 3...Bd7} (8... d5 9. e5 Ng8 10. Nc3 Nge7 11. Bd3 a6 12. h4 Qb6 13. Na4 Qc7 14. h5 g6 15. Bg5 Rg8 16. hxg6 Nxg6 {1-0 (50) Ponkratov,P (2613)-Vykouk,J (2435) Katowice 2017}) 9. Bf1 e5 10. Nc3 Be7 11. d5 Nb8 $146 ({Predecessor:} 11... Na7 12. a4 b5 13. axb5 Nxb5 14. Qb3 Nxc3 15. Qxc3 a5 16. Bd2 {1-0 (56) Reyer,U (2200)-Schwetje,S (1986) Apolda 2007}) 12. a4 b6 13. h3 O-O 14. Be3 Bc8 15. Nd2 Re8 16. Nc4 Nbd7 17. f4 (17. b4 $16) 17... exf4 18. Bxf4 Qc7 19. Rc1 (19. b4 $16) 19... Qb8 $1 20. Kh1 Bf8 21. Qd4 Nh5 {[%emt 0:04:16] [#]} 22. Bh2 $1 g6 (22... h6 $16 23. Be2 Nhf6) 23. g4 Ng7 24. Bg2 b5 {[#]} 25. Na5 $1 Bb7 $18 26. b4 bxa4 27. Nxa4 Be7 28. Rf1 Rc8 29. Nc6 Bxc6 30. dxc6 Ne5 31. Nb6 Ne6 32. Qf2 f6 33. Nxa8 Nd3 34. Qa2 Nxc1 35. Qxe6+ Kf8 36. Rxc1 Qxa8 37. Bxd6 1-0

[Event "Nordic Youth-ch A 2019"]
[Site "Borgarnes"]
[Date "2019.02.15"]
[Round "2.18"]
[White "Koota, Ilkka"]
[Black "Medhus, Vitus Bondo"]
[Result "1-0"]
[ECO "B22"]
[WhiteElo "1514"]
[BlackElo "1788"]
[Annotator "NA RC"]
[PlyCount "43"]
[EventDate "2019.02.03"]
[EventType "swiss"]
[EventCountry "ISL"]
[SourceTitle "playchess.com"]
[Source "ChessBase"]
[SourceQuality "1"]
[TimeControl "40/5400+30:1800+30"]

1. e4 c5 2. c3 g6 3. d4 cxd4 4. cxd4 d5 5. e5 Bf5 6. Nc3 Nc6 7. Bb5 e6 8. g4 Be4 9. f3 Qh4+ 10. Kf1 Nge7 11. fxe4 dxe4 12. Nxe4 O-O-O 13. Bg5 Nd5 14. Qe2 Nxd4 15. Bxh4 Nxe2 16. Bxd8 Nd4 17. Bf6 Ne3+ 18. Kf2 Nxg4+ 19. Kg2 Nxf6 20. Rc1+ Kb8 21. Nxf6 Nxb5 22. Nd7+ 1-0

[Event "Nordic Youth-ch A 2019"]
[Site "Borgarnes"]
[Date "2019.02.15"]
[Round "2.20"]
[White "Moller, Tomas"]
[Black "Smarason, Kristjan Ingi"]
[Result "1/2-1/2"]
[ECO "B54"]
[WhiteElo "1226"]
[BlackElo "1422"]
[Annotator "NA RC"]
[PlyCount "81"]
[EventDate "2019.02.03"]
[EventType "swiss"]
[EventCountry "ISL"]
[SourceTitle "playchess.com"]
[Source "ChessBase"]
[SourceQuality "1"]
[TimeControl "40/5400+30:1800+30"]

1. e4 c5 2. Nf3 d6 3. d4 cxd4 4. Nxd4 Nf6 5. f3 g6 6. c4 Bg7 7. Nc3 O-O 8. Be3 Nc6 9. Be2 Bd7 10. O-O Qb6 11. Qd2 Nxe4 12. fxe4 Bxd4 13. Bxd4 Nxd4 14. Kh1 Nxe2 15. Qxe2 Rac8 16. Nd5 Qd8 17. Rac1 Bc6 18. Nc3 e6 19. Qf2 b6 20. Rcd1 Qg5 21. Rxd6 Qe5 22. Qf4 Qxf4 23. Rxf4 Rfd8 24. Rxd8+ Rxd8 25. Kg1 Rd4 26. g3 Rxc4 27. Kf2 Kf8 28. Ke3 Rc5 29. Kd3 Bb5+ 30. Ke3 Rh5 31. b3 Bc6 32. h4 Rc5 33. Kd3 Bb5+ 34. Kd2 Ke7 35. g4 Bd7 36. g5 Re5 37. Ke3 Rc5 38. Kd3 b5 39. b4 Rc6 40. e5 Rb6 41. Ne4 1/2-1/2

[Event "Nordic Youth-ch A 2019"]
[Site "Borgarnes"]
[Date "2019.02.16"]
[Round "3.1"]
[White "Thorgeirsson, Jon Kristinn"]
[Black "Nazarova, Anastasia"]
[Result "1-0"]
[ECO "D01"]
[WhiteElo "2306"]
[BlackElo "2176"]
[Annotator "NA"]
[PlyCount "99"]
[EventDate "2019.02.03"]
[EventType "swiss"]
[EventCountry "ISL"]
[SourceTitle "playchess.com"]
[Source "ChessBase"]
[SourceQuality "1"]
[TimeControl "5400+30"]

1. d4 d5 2. Nc3 Nf6 3. Bg5 Nbd7 4. Qd3 e6 5. e4 dxe4 6. Nxe4 Be7 7. Bxf6 Nxf6 8. Nf3 Qd5 9. Nc3 Qa5 10. Ne5 O-O 11. O-O-O c5 12. Be2 Rd8 13. Qb5 Qc7 14. Qc4 a6 15. Bf3 Rb8 16. Ne4 b5 17. Qe2 Rxd4 18. Nc6 Rxd1+ 19. Rxd1 Rb6 20. Nxe7+ Qxe7 21. Nxc5 g6 22. Qe5 Ne8 23. Ne4 f5 24. Nc3 Bb7 25. Bxb7 Rxb7 26. Re1 Nc7 27. f4 Rb6 28. Rd1 Rc6 29. Qd4 b4 30. Qd8+ Qxd8 31. Rxd8+ Kg7 32. Ne2 Nb5 33. Kd2 Kf6 34. Rh8 Kg7 35. Rb8 Kf6 36. Nc1 Rc4 37. Nd3 h6 38. Rb6 Re4 39. Rxa6 Nd4 40. Nxb4 Nf3+ 41. Kc3 Nxh2 42. a4 g5 43. fxg5+ hxg5 44. a5 f4 45. Ra8 f3 46. gxf3 Re3+ 47. Nd3 Nxf3 48. a6 Ne5 49. a7 Nxd3 50. cxd3 1-0

[Event "Nordic Youth-ch A 2019"]
[Site "Borgarnes"]
[Date "2019.02.16"]
[Round "3.2"]
[White "Finnsson, Eli W."]
[Black "Kristensen, Bjarke Hautop"]
[Result "0-1"]
[ECO "B32"]
[WhiteElo "1659"]
[BlackElo "2212"]
[Annotator "NA"]
[PlyCount "54"]
[EventDate "2019.02.03"]
[EventType "swiss"]
[EventCountry "ISL"]
[SourceTitle "playchess.com"]
[Source "ChessBase"]
[SourceQuality "1"]
[TimeControl "5400+30"]

1. e4 c5 2. Nf3 Nc6 3. d4 cxd4 4. Nxd4 e5 5. Nf3 Nf6 6. Nc3 Bb4 7. Bg5 Bxc3+ 8. bxc3 Qa5 9. Bd3 Qxc3+ 10. Kf1 d6 11. Rb1 O-O 12. Bxf6 gxf6 13. Nh4 Nd4 14. Nf5 Bxf5 15. exf5 d5 16. Qg4+ Kh8 17. Qh4 Qc6 18. c3 e4 19. cxd4 exd3 20. Rd1 Rfe8 21. g4 d2 22. Kg2 Re2 23. Qh6 Re4 24. h3 Rxd4 25. Rxd2 Rxd2 26. Qxd2 d4+ 27. Kg3 Qxh1 0-1

[Event "Nordic Youth-ch A 2019"]
[Site "Borgarnes"]
[Date "2019.02.16"]
[Round "3.3"]
[White "Keinanen, Toivo"]
[Black "Heimisson, Hilmir Freyr"]
[Result "0-1"]
[ECO "A40"]
[WhiteElo "2403"]
[BlackElo "2394"]
[Annotator "NA"]
[PlyCount "65"]
[EventDate "2019.02.03"]
[EventType "swiss"]
[EventCountry "ISL"]
[SourceTitle "playchess.com"]
[Source "ChessBase"]
[SourceQuality "1"]
[TimeControl "5400+30"]

1. d4 Nf6 2. c4 e6 3. g3 c5 4. Nf3 cxd4 5. Nxd4 d5 6. Bg2 e5 7. Nf3 d4 8. O-O Nc6 9. e3 Be7 10. exd4 exd4 11. Bf4 Be6 12. Ne5 Rc8 13. Re1 O-O 14. Nd2 Qb6 15. a3 Nxe5 16. Rxe5 Qxb2 17. Rb5 Qc3 18. Rxb7 Rfe8 19. Rxa7 Bg4 20. Bf3 Bxf3 21. Nxf3 Bc5 22. Ra4 Ne4 23. Nd2 d3 24. Nxe4 Rxe4 25. Rc1 Qb2 26. Qf3 d2 27. Rd1 Qc2 28. Ra8 Rxa8 29. Rxd2 Qb1+ 30. Rd1 Re1+ 31. Kg2 Qxd1 32. Qxa8+ Bf8 33. h4 0-1

[Event "Nordic Youth-ch A 2019"]
[Site "Borgarnes"]
[Date "2019.02.16"]
[Round "3.4"]
[White "Mejlvang, Magnus"]
[Black "Fossan, Andreas"]
[Result "0-1"]
[ECO "A45"]
[WhiteElo "1880"]
[BlackElo "2025"]
[Annotator "NA"]
[PlyCount "90"]
[EventDate "2019.02.03"]
[EventType "swiss"]
[EventCountry "ISL"]
[SourceTitle "playchess.com"]
[Source "ChessBase"]
[SourceQuality "1"]
[TimeControl "5400+30"]

1. d4 Nf6 2. Bf4 e6 3. Nf3 c5 4. e3 Be7 5. Nbd2 O-O 6. Bd3 cxd4 7. exd4 b6 8. c3 Bb7 9. Qc2 d6 10. Rg1 Nbd7 11. g4 g6 12. O-O-O Rc8 13. h4 Nd5 14. Bh6 Nb4 15. Qb1 Bd5 16. Ne4 Bxa2 17. Qa1 Nxd3+ 18. Rxd3 Bc4 19. Re3 Re8 20. h5 e5 21. hxg6 fxg6 22. Rd1 Qc7 23. dxe5 Nxe5 24. Nxe5 dxe5 25. Nd2 Red8 26. Rde1 Bf7 27. Rxe5 Bf6 28. R5e3 Qd7 29. Ne4 Bh8 30. Bg5 Bb3 31. Bxd8 Rxd8 32. Nd6 Qxd6 33. Re8+ Rxe8 34. Rxe8+ Kf7 35. Re1 Qf4+ 36. Re3 Qa4 37. Rf3+ Kg8 38. Qb1 Qxg4 39. Qd3 Qg1+ 40. Kd2 Qd1+ 41. Ke3 Qxd3+ 42. Kxd3 b5 43. Rf4 a5 44. Rf3 a4 45. Ke4 Bg7 {[%emt 0:00:12] Kd4} 0-1

[Event "Nordic Youth-ch A 2019"]
[Site "Borgarnes"]
[Date "2019.02.16"]
[Round "4.1"]
[White "Kristensen, Bjarke Hautop"]
[Black "Thorgeirsson, Jon Kristinn"]
[Result "1/2-1/2"]
[ECO "A35"]
[WhiteElo "2212"]
[BlackElo "2306"]
[Annotator "ChessBase"]
[PlyCount "85"]
[EventDate "2019.02.03"]
[EventType "swiss"]
[EventCountry "ISL"]
[SourceTitle "playchess.com"]
[Source "ChessBase"]
[SourceQuality "1"]
[TimeControl "5400+30"]

1. Nf3 c5 2. c4 Nc6 3. Nc3 Nf6 4. g3 e6 5. Bg2 Qc7 6. O-O b6 7. e3 Bb7 8. b3 a6 9. Bb2 Be7 10. Qe2 d6 11. Ne1 h5 12. h3 h4 13. g4 O-O-O 14. Nc2 Ne5 15. f4 Ng6 16. d4 Nd7 17. a4 Rhe8 18. Ra2 Bxg2 19. Qxg2 Qb7 20. d5 a5 21. g5 Nb8 22. Qg4 Qd7 23. Qg2 Bf8 24. Na3 Ne7 25. e4 Ng6 26. Raa1 Na6 27. Rad1 e5 28. f5 Nf4 29. Qg4 g6 30. Bc1 f6 31. Rxf4 exf4 32. Bxf4 gxf5 33. exf5 fxg5 34. Bxg5 Bg7 35. Bxd8 Bxc3 36. Bxh4 Qf7 37. Nb5 Be5 38. Bg5 Rg8 39. h4 Nb4 40. Kh1 Qd7 41. Rg1 Nd3 42. Qf3 Qh7 43. Qxd3 1/2-1/2

[Event "Nordic Youth-ch A 2019"]
[Site "Borgarnes"]
[Date "2019.02.16"]
[Round "4.3"]
[White "Fossan, Andreas"]
[Black "Crevatin, Leo"]
[Result "1/2-1/2"]
[ECO "D30"]
[WhiteElo "2025"]
[BlackElo "2190"]
[Annotator "NA"]
[PlyCount "80"]
[EventDate "2019.02.03"]
[EventType "swiss"]
[EventCountry "ISL"]
[SourceTitle "playchess.com"]
[Source "ChessBase"]
[SourceQuality "1"]
[TimeControl "5400+30"]

1. d4 d5 2. c4 c6 3. Nf3 e6 4. e3 Nf6 5. Nbd2 c5 6. cxd5 exd5 7. dxc5 Bxc5 8. a3 a5 9. Bb5+ Bd7 10. Bxd7+ Qxd7 11. O-O O-O 12. Nb3 Bb6 13. Nbd4 Nc6 14. b3 Rac8 15. Bb2 Ne4 16. Nxc6 bxc6 17. b4 axb4 18. axb4 Qb7 19. Nd4 f6 20. Nf5 Rb8 21. Rc1 Kh8 22. Kh1 Qd7 23. Nd4 Rfc8 24. Ba1 Bd8 25. f3 Nd6 26. Bc3 Be7 27. Re1 Nc4 28. Nc2 Bd6 29. Qe2 Be5 30. Nd4 Bxd4 31. Bxd4 Rxb4 32. Red1 Qe7 33. Re1 Rbb8 34. e4 c5 35. Bg1 Nb6 36. exd5 Qxe2 37. Rxe2 Nxd5 38. Rxc5 Rxc5 39. Bxc5 Rb1+ 40. Bg1 h5 1/2-1/2

[Event "Nordic Youth-ch A 2019"]
[Site "Borgarnes"]
[Date "2019.02.16"]
[Round "4.4"]
[White "Skaale, Janus"]
[Black "Keinanen, Toivo"]
[Result "0-1"]
[ECO "B15"]
[WhiteElo "1765"]
[BlackElo "2403"]
[Annotator "ChessBase"]
[PlyCount "140"]
[EventDate "2019.02.03"]
[EventType "swiss"]
[EventCountry "ISL"]
[SourceTitle "playchess.com"]
[Source "ChessBase"]
[SourceQuality "1"]
[TimeControl "5400+30"]

1. e4 c6 2. d4 d5 3. Nc3 a6 4. Be3 b5 5. Bd3 b4 6. Nce2 dxe4 7. Bxe4 Nf6 8. Bd3 Bg4 9. h3 Bh5 10. Qd2 Nd5 11. Ng3 Bg6 12. Nf3 e6 13. Ne5 Nd7 14. Nxg6 hxg6 15. O-O Be7 16. c4 bxc3 17. bxc3 O-O 18. Rab1 Qc7 19. c4 Nxe3 20. Qxe3 Rfd8 21. Be4 Rac8 22. Rfd1 Bd6 23. Ne2 Nf6 24. Bf3 Rb8 25. g3 Be7 26. Nc3 Rb4 27. Rxb4 Bxb4 28. Ne4 Be7 29. Nxf6+ gxf6 30. d5 cxd5 31. cxd5 e5 32. Be2 Bc5 33. Qb3 Qa7 34. Rf1 Kg7 35. Bc4 Rb8 36. Qc2 Bd4 37. Bb3 a5 38. Qc6 Rb6 39. Qe8 Qc7 40. Kg2 f5 41. Rd1 Rd6 42. Qb5 Qc3 43. Qd3 Qc5 44. Qc4 Bxf2 45. Qxc5 Bxc5 46. Rc1 Bb6 47. a4 e4 48. Kf1 Kf6 49. Ke2 Ke5 50. Rc8 g5 51. h4 gxh4 52. gxh4 f4 53. Re8+ Kd4 54. Bc2 f5 55. h5 f3+ 56. Kf1 Kc3 57. Bd1 Rxd5 58. Bxf3 exf3 59. Re1 Rd2 60. Rb1 Bd4 61. Rc1+ Kd3 62. Re1 Rf2+ 63. Kg1 Rg2+ 64. Kh1 Rg4 65. Kh2 f2 66. Rb1 Ke2 67. h6 f1=B 68. h7 Be5+ 69. Kh1 Bg2+ 70. Kg1 Bb7# 0-1

[Event "Nordic Youth-ch A 2019"]
[Site "Borgarnes"]
[Date "2019.02.16"]
[Round "4.5"]
[White "Sjoberg, Isak"]
[Black "Briem, Stephan"]
[Result "1/2-1/2"]
[ECO "B01"]
[WhiteElo "2250"]
[BlackElo "1987"]
[Annotator "NA"]
[PlyCount "37"]
[EventDate "2019.02.03"]
[EventType "swiss"]
[EventCountry "ISL"]
[SourceTitle "playchess.com"]
[Source "ChessBase"]
[SourceQuality "1"]
[TimeControl "5400+30"]

1. e4 d5 2. exd5 Qxd5 3. Nc3 Qd6 4. d4 Nf6 5. Bc4 a6 6. Nf3 b5 7. Bb3 Bb7 8. Ne5 e6 9. O-O c5 10. Bf4 Qb6 11. dxc5 Bxc5 12. a4 Nc6 13. axb5 axb5 14. Rxa8+ Bxa8 15. Nd3 Be7 16. Be3 Qb8 17. Qe2 O-O 18. Nc5 b4 19. N3a4 1/2-1/2

[Event "Nordic Youth-ch A 2019"]
[Site "Borgarnes"]
[Date "2019.02.16"]
[Round "4.6"]
[White "Sorensen, Hampus"]
[Black "Tryggestad, Andreas Garberg"]
[Result "1/2-1/2"]
[ECO "D90"]
[WhiteElo "2289"]
[BlackElo "2351"]
[Annotator "NA"]
[PlyCount "104"]
[EventDate "2019.02.03"]
[EventType "swiss"]
[EventCountry "ISL"]
[SourceTitle "playchess.com"]
[Source "ChessBase"]
[SourceQuality "1"]
[TimeControl "5400+30"]

1. d4 Nf6 2. c4 g6 3. Nc3 d5 4. Nf3 Bg7 5. h4 {[%emt 0:00:14] D90: Grünfeld: 4 Nf3 Bg7 sidelines} (5. Qb3 dxc4 6. Qxc4 O-O 7. e4 Nc6 8. Be2 e5 9. d5 Nd4 10. Nxd4 exd4 11. Qxd4 c6 12. Qc4 b5 13. Qxc6 Bd7 14. Qd6 Re8 15. Bg5 Rb8 16. a3 {½-½ (31) Giri,A (2783)-Mamedyarov,S (2817) Wijk aan Zee 2019}) 5... dxc4 6. e4 c5 7. d5 b5 8. h5 O-O 9. hxg6 hxg6 10. e5 Ng4 11. Bf4 $146 ({Predecessor:} 11. d6 e6 12. Nxb5 Nc6 {1-0 (25) Song,M (2413)-Krykun,Y (2242) Khanty-Mansiysk 2016}) 11... Qa5 12. Qd2 Na6 13. Rc1 Rd8 14. a4 b4 15. Nd1 c3 16. bxc3 bxc3 17. Nxc3 Nb4 18. Bb5 Bb7 19. Rh4 Bxd5 20. Nxd5 Rxd5 21. Qc3 Nxe5 22. Bxe5 Rxe5+ 23. Nxe5 Bxe5 24. Qf3 Rd8 25. Kf1 Bf6 26. Re4 Na2 27. Rxc5 a6 28. Qb3 axb5 29. Qxa2 Rd1+ 30. Ke2 Re1+ 31. Kf3 Rxe4 32. Rc8+ Kg7 33. Kxe4 bxa4 34. Qd5 Qa6 35. Qc4 Qb7+ 36. Qc6 Qb1+ 37. Ke3 $2 (37. Qc2 Qb7+) 37... a3 38. Qe8 Qb6+ 39. Kd2 Qxf2+ 40. Kd1 Qd4+ 41. Kc2 Qb2+ 42. Kd1 Qb3+ 43. Kd2 Bg5+ 44. Ke2 {[%emt 0:00:42] [#]} Qe3+ $1 45. Kf1 Qd3+ 46. Kg1 Be3+ 47. Kh2 {[%emt 0:01:03] [#]} Bf4+ $2 ({Black should try} 47... Kf6 $1 $19 48. Qh8+ Ke6) 48. Kg1 Be3+ (48... Kf6 49. Qc6+ Kg5) 49. Kh2 Bf4+ 50. Kg1 Qd1+ $19 51. Kf2 Qd2+ 52. Kf1 Qd3+ 1/2-1/2

[Event "Nordic Youth-ch A 2019"]
[Site "Borgarnes"]
[Date "2019.02.16"]
[Round "4.7"]
[White "Holm, Filip"]
[Black "Stefansson, Vignir Vatnar"]
[Result "0-1"]
[ECO "B06"]
[WhiteElo "1960"]
[BlackElo "2263"]
[Annotator "NA"]
[PlyCount "42"]
[EventDate "2019.02.03"]
[EventType "swiss"]
[EventCountry "ISL"]
[SourceTitle "playchess.com"]
[Source "ChessBase"]
[SourceQuality "1"]
[TimeControl "5400+30"]

1. e4 g6 2. d4 Bg7 3. c4 d6 4. Nc3 Nf6 5. Bd3 e5 6. d5 O-O 7. b4 a5 8. bxa5 Na6 9. Nge2 Nh5 10. Be3 f5 11. f3 Nf4 12. O-O Qg5 13. g3 Nh3+ 14. Kh1 Qxe3 15. Kg2 Ng5 16. Nc1 fxe4 17. Nxe4 Bh3+ 18. Kh1 Nxe4 19. fxe4 Bxf1 20. Bxf1 Qxe4+ 21. Bg2 Qd4 0-1

[Event "Nordic Youth-ch A 2019"]
[Site "Borgarnes"]
[Date "2019.02.16"]
[Round "4.8"]
[White "Carlsson, Ludvig"]
[Black "Norlamo, Sarabella"]
[Result "1-0"]
[ECO "C58"]
[WhiteElo "2217"]
[BlackElo "1841"]
[Annotator "NA"]
[PlyCount "75"]
[EventDate "2019.02.03"]
[EventType "swiss"]
[EventCountry "ISL"]
[SourceTitle "playchess.com"]
[Source "ChessBase"]
[SourceQuality "1"]
[TimeControl "5400+30"]

1. e4 e5 2. Nf3 Nc6 3. Bc4 Nf6 4. Ng5 d5 5. exd5 Na5 6. Bb5+ c6 7. dxc6 bxc6 8. Bd3 Bd6 9. Nc3 Nb7 10. Qf3 Qc7 11. Nce4 Be7 12. b3 Nc5 13. Nxc5 Bxc5 14. Ne4 Nxe4 15. Bxe4 Bd7 16. Bb2 O-O 17. Bf5 Rfe8 18. O-O-O Bxf5 19. Qxf5 Qd6 20. Kb1 Ba3 21. Bxa3 Qxa3 22. Rhe1 Qd6 23. Re4 Rad8 24. d3 Re6 25. Rde1 Rde8 26. h4 g6 27. Qf3 Qd8 28. h5 Kg7 29. Qe3 Qc7 30. h6+ Kg8 31. f4 f6 32. Qc5 Qd7 33. fxe5 Rxe5 34. Rxe5 Rxe5 35. Rxe5 fxe5 36. Qxe5 a6 37. a4 Qa7 38. Qe8# 1-0

[Event "Nordic Youth-ch A 2019"]
[Site "Borgarnes"]
[Date "2019.02.16"]
[Round "4.9"]
[White "Wartiovaara, Oliver"]
[Black "Luu, Robert"]
[Result "1-0"]
[ECO "C90"]
[WhiteElo "2021"]
[BlackElo "1687"]
[Annotator "NA"]
[PlyCount "63"]
[EventDate "2019.02.03"]
[EventType "swiss"]
[EventCountry "ISL"]
[SourceTitle "playchess.com"]
[Source "ChessBase"]
[SourceQuality "1"]
[TimeControl "5400+30"]

1. e4 e5 2. Nf3 Nc6 3. Bb5 a6 4. Ba4 Nf6 5. O-O b5 6. Bb3 Be7 7. Re1 O-O 8. d3 d6 9. c3 Bg4 10. h3 Bh5 11. Nbd2 Na5 12. Bc2 c5 13. Nf1 Nd7 14. g4 Bg6 15. Ng3 Nc6 16. d4 Nb6 17. d5 Nb8 18. Kg2 b4 19. g5 f6 20. h4 fxg5 21. Nxg5 Bxg5 22. Bxg5 Qc7 23. h5 Be8 24. Nf5 Bd7 25. Ne7+ Kf7 26. f4 Nc8 27. fxe5 Bh3+ 28. Kxh3 Nxe7 29. Rf1+ Kg8 30. Rxf8+ Kxf8 31. Qf3+ Kg8 32. Rf1 1-0

[Event "Nordic Youth-ch A 2019"]
[Site "Borgarnes"]
[Date "2019.02.16"]
[Round "4.10"]
[White "Davidsson, Oskar Vikingur"]
[Black "Vitenberg, Noam Aviv"]
[Result "1/2-1/2"]
[ECO "C70"]
[WhiteElo "1941"]
[BlackElo "2180"]
[Annotator "NA"]
[PlyCount "121"]
[EventDate "2019.02.03"]
[EventType "swiss"]
[EventCountry "ISL"]
[SourceTitle "playchess.com"]
[Source "ChessBase"]
[SourceQuality "1"]
[TimeControl "5400+30"]

1. e4 e5 2. Nf3 Nc6 3. Bb5 a6 4. Ba4 b5 5. Bb3 g6 6. O-O Bg7 7. c3 Nge7 8. Re1 O-O 9. d4 exd4 10. cxd4 Na5 11. Bc2 d6 12. h3 c5 13. dxc5 dxc5 14. Qxd8 Rxd8 15. Nc3 Nc4 16. Bb3 Na5 17. Bc2 Be6 18. Bg5 Re8 19. e5 Nec6 20. Bf4 Rad8 21. Ne4 Bf5 22. Rac1 Bxe4 23. Rxe4 Nc4 24. Bb3 N6xe5 25. Nxe5 Nxe5 26. Bxe5 Bxe5 27. Rce1 c4 28. Bxc4 bxc4 29. Rxe5 Rxe5 30. Rxe5 Rd1+ 31. Kh2 Rd2 32. Ra5 Rxf2 33. Rxa6 Rxb2 34. a4 Ra2 35. a5 Kf8 36. Rc6 Ra4 37. a6 Ke7 38. a7 Kd7 39. Rxc4 Rxa7 40. Rh4 h5 41. Rf4 Ke6 42. h4 Ke5 43. Rb4 Re7 44. Kh3 Kf5 45. g3 Re4 46. Rb5+ Re5 47. Rb4 f6 48. Rf4+ Ke6 49. Ra4 Rd5 50. Re4+ Kf5 51. Ra4 Ke5 52. Ra8 Rd2 53. Ra5+ Ke4 54. Ra4+ Ke3 55. Ra6 g5 56. Re6+ Kd4 57. hxg5 fxg5 58. Rh6 g4+ 59. Kh4 Rh2+ 60. Kg5 Rh3 61. Rxh5 1/2-1/2

[Event "Nordic Youth-ch A 2019"]
[Site "Borgarnes"]
[Date "2019.02.16"]
[Round "4.11"]
[White "Liu, Casper"]
[Black "Aalto, Patrik"]
[Result "1/2-1/2"]
[ECO "A45"]
[WhiteElo "2126"]
[BlackElo "1985"]
[Annotator "NA"]
[PlyCount "119"]
[EventDate "2019.02.03"]
[EventType "swiss"]
[EventCountry "ISL"]
[SourceTitle "playchess.com"]
[Source "ChessBase"]
[SourceQuality "1"]
[TimeControl "5400+30"]

1. d4 Nf6 2. Bf4 d6 3. Nc3 g6 4. e4 Bg7 5. Qd2 a6 6. O-O-O O-O 7. Bh6 b5 8. f3 b4 9. Nce2 c5 10. Kb1 Qa5 11. Nc1 cxd4 12. Bxg7 Kxg7 13. Nb3 Qb6 14. Nxd4 Nc6 15. Nge2 Na5 16. Nc1 e5 17. Ndb3 Nxb3 18. cxb3 d5 19. exd5 Rd8 20. Bc4 Qd6 21. Qe2 Bb7 22. Rd2 Nxd5 23. Rhd1 Qe6 24. Nd3 Qf5 25. g4 Qf6 26. g5 Qxg5 27. Qxe5+ Qf6 28. f4 Nb6 29. Nxb4 Qxe5 30. fxe5 Rxd2 31. Rxd2 a5 32. Nc2 Re8 33. Re2 Nd7 34. e6 fxe6 35. Rxe6 Rxe6 36. Bxe6 Ne5 37. b4 axb4 38. Nxb4 Kf6 39. Bd5 Bc8 40. a4 Ng4 41. a5 Ke5 42. h3 Ne3 43. Bh1 Nc4 44. Nc6+ Kd6 45. b3 Na3+ 46. Kb2 Nb5 47. Nb4 Bxh3 48. Nc2 Bc8 49. b4 Kc7 50. Ne3 Bb7 51. Bxb7 Kxb7 52. Kb3 Kc6 53. Ng4 g5 54. Nf6 h6 55. Kc4 Nd6+ 56. Kc3 Kb5 57. Kb3 Nb7 58. Nh5 g4 59. Kc3 Nxa5 60. bxa5 1/2-1/2

[Event "Nordic Youth-ch A 2019"]
[Site "Borgarnes"]
[Date "2019.02.16"]
[Round "4.12"]
[White "Nielsen, Jon I Horni"]
[Black "Fuglestein, Sander"]
[Result "0-1"]
[ECO "B15"]
[WhiteElo "1756"]
[BlackElo "2024"]
[Annotator "NA"]
[PlyCount "52"]
[EventDate "2019.02.03"]
[EventType "swiss"]
[EventCountry "ISL"]
[SourceTitle "playchess.com"]
[Source "ChessBase"]
[SourceQuality "1"]
[TimeControl "5400+30"]

1. e4 c6 2. d4 d5 3. Nc3 dxe4 4. Nxe4 Nf6 5. Nxf6+ exf6 6. c3 Bd6 7. Bd3 O-O 8. Qc2 Re8+ 9. Ne2 h5 10. O-O Qc7 11. h3 Nd7 12. Be3 Nf8 13. Rae1 Be6 14. Bd2 g6 15. f4 f5 16. Rf3 Rad8 17. c4 Bc8 18. Ref1 Ne6 19. Rg3 h4 20. Rgf3 Nxd4 21. Nxd4 Bc5 22. Be3 Rxe3 23. Rxe3 Bxd4 24. Rfe1 Qxf4 25. Qf2 Qxf2+ 26. Kxf2 f4 0-1